Map: Data-C

Players

soO - Winner!

  • Race: Zerg Zerg
  • Spawn Location: 9:00

Gerald

  • Race: Protoss Protoss
  • Spawn Location: 3:00

Event: DreamHack SC2 Masters 2022 Atlanta (Offline)

VOD

Have the link to the VOD?

Description

Time

  • Played on: Nov. 18, 2022, 7:34 p.m.
  • Length: 20:27

All games in this series

Show
View Real Time Build Order
Export as new Build Order

soO Zerg - Winner!

Build Orders: Hatch First, Lurkers 

Get SALT Encoding   

  12  0:00  Drone  
  13  0:12  Overlord  
  13  0:17  Drone  
  14  0:30  Drone x2  
  16  0:43  Drone  
  17  0:51  Hatchery  
  17  0:54  Drone  
  17  0:59  Drone  
  18  1:10  Extractor  
  17  1:13  Spawning Pool  
  17  1:16  Drone  
  17  1:21  Drone  
  18  1:28  Drone  
  19  1:38  Drone  
  20  1:49  Overlord  
  20  2:00  Queen  
  22  2:03  Zergling x2, Queen  
  22  2:04  Zergling x2  
  26  2:11  Drone  
  26  2:13  Metabolic Boost  
  26  2:15  Drone  
  29  2:22  Drone  
  29  2:25  Drone  
  30  2:32  Drone  
  30  2:36  Drone  
  32  2:42  Hatchery  
  31  2:49  Queen  
  33  2:52  Overlord  
  33  2:54  Zergling x2  
  33  2:57  Zergling x2  
  35  2:58  Drone  
  35  3:04  Spore Crawler  
  35  3:09  Drone  
  35  3:10  Drone x2  
  35  3:11  Drone x2  
  41  3:17  Queen  
  43  3:24  Drone  
  44  3:28  Overlord  
  44  3:34  Overlord  
  44  3:40  Overlord  
  44  3:46  Queen  
  46  3:49  Drone x3  
  46  3:52  Drone x3  
  46  3:53  Drone  
  53  3:57  Queen, Drone  
  53  3:59  Drone x2  
  58  4:03  Drone x2  
  58  4:06  Drone  
  61  4:11  Spore Crawler  
  61  4:16  Spore Crawler  
  59  4:20  Drone, Evolution Chamber  
  59  4:23  Drone x2  
  61  4:25  Drone x2  
  61  4:26  Drone x2  
  61  4:27  Drone x2  
  61  4:29  Drone  
  68  4:34  Drone x2  
  70  4:42  Overlord  
  66  4:48  Drone x3  
  66  4:53  Zerg Melee Weapons Level 1  
  66  4:56  Overlord  
  66  5:00  Overlord  
  66  5:01  Overlord  
  66  5:03  Lair  
  66  5:04  Hatchery  
  66  5:05  Drone  
  66  5:09  Drone x3  
  66  5:10  Drone x2  
  66  5:13  Drone x2  
  73  5:16  Drone x2  
  73  5:18  Extractor x2  
  73  5:22  Drone  
  73  5:23  Spore Crawler, Drone x3  
  73  5:25  Drone x2  
  78  5:28  Drone x2  
  78  5:32  Drone x2  
  83  5:35  Zergling x6  
  83  5:39  Zergling x2  
  83  5:42  Zergling x4  
  84  5:46  Extractor  
  84  5:48  Drone x4, Extractor  
  86  5:52  Extractor  
  86  5:53  Drone x2  
  86  5:54  Drone x2  
  89  6:02  Drone  
  89  6:03  Hydralisk Den, Drone  
  90  6:07  Drone x2  
  90  6:08  Overlord  
  90  6:10  Zergling x6  
  95  6:16  Overlord  
  94  6:23  Drone x9  
  94  6:25  Hatchery  
  98  6:32  Drone x2  
  100  6:34  Grooved Spines  
  100  6:35  Drone x2  
  100  6:38  Drone x2  
  100  6:39  Baneling Nest  
  103  6:42  Drone x3  
  103  6:43  Queen  
  108  6:49  Zerg Melee Weapons Level 2  
  108  6:50  Hydralisk x3  
  108  6:51  Hydralisk  
  108  6:54  Hydralisk x2  
  114  6:56  Spore Crawler, Overlord  
  114  6:57  Hydralisk  
  114  6:58  Zergling x2  
  114  6:59  Overlord  
  120  7:02  Overlord  
  120  7:04  Overlord  
  120  7:07  Overlord  
  120  7:08  Overlord  
  118  7:16  Overlord  
  118  7:17  Zergling x8  
  118  7:18  Hydralisk x2, Overlord  
  118  7:21  Hydralisk x2  
  130  7:23  Centrifugal Hooks  
  129  7:30  Hydralisk x4  
  129  7:31  Zergling x2  
  129  7:36  Drone  
  139  7:37  Infestation Pit, Drone  
  139  7:40  Zergling x8, Evolution Chamber  
  142  7:48  Muscular Augments  
  142  7:51  Hydralisk x4  
  142  7:52  Hydralisk x2  
  142  7:54  Drone x2  
  142  7:55  Drone  
  142  7:56  Drone  
  142  7:57  Drone  
  159  7:59  Extractor  
  158  8:10  Lurker Den  
  156  8:15  Zergling x24  
  166  8:23  Overseer  
  166  8:24  Hive  
  166  8:28  Hatchery  
  166  8:30  Zergling x30  
  174  8:37  Drone  
  175  8:42  Baneling x14  
  175  8:46  Zerg Missile Weapons Level 1  
  175  8:47  Zergling x20  
  185  8:50  Overlord  
  185  8:51  Zergling x6  
  183  9:16  Baneling  
  183  9:17  Zergling x28, Baneling x12  
  183  9:24  Baneling x6  
  197  9:27  Baneling x12  
  197  9:32  Baneling x9  
  183  9:47  Seismic Spines  
  183  9:52  Zergling x18  
  192  9:53  Zergling x14, Extractor  
  198  10:00  Zerg Melee Weapons Level 3  
  185  10:18  Baneling x14  
  177  10:23  Zergling x36  
  175  10:40  Zergling x34  
  191  10:44  Adaptive Talons  
  189  10:51  Lurker x2  
  189  10:52  Lurker x4  
  190  10:58  Lurker x2  
  192  11:04  Lurker  
  192  11:05  Overseer  
  192  11:06  Zergling x14  
  200  11:13  Hatchery  
  200  11:17  Baneling x10  
  186  11:31  Zergling x14, Hydralisk x2  
  186  11:32  Zergling x4  
  157  11:52  Overseer, Pneumatized Carapace  
  157  11:53  Overseer x2  
  151  11:57  Zergling x44  
  151  12:00  Drone x3  
  173  12:01  Lurker  
  173  12:02  Drone x3  
  173  12:03  Overlord  
  173  12:06  Lurker  
  173  12:08  Baneling x6  
  178  12:10  Zergling x28  
  178  12:14  Zerg Missile Weapons Level 2  
  192  12:19  Baneling x17  
  192  12:32  Overseer x3  
  172  12:41  Overseer x3  
  146  12:56  Hydralisk x18  
  146  12:57  Zergling x40  
  184  13:06  Overseer  
  184  13:10  Drone x2  
  184  13:13  Spore Crawler  
  184  13:14  Spore Crawler  
  184  13:15  Zerg Ground Armor Level 1  
  184  13:16  Spore Crawler  
  184  13:17  Adrenal Glands  
  181  13:20  Baneling x4  
  181  13:23  Zergling x28  
  195  13:32  Zergling x8  
  199  13:39  Spore Crawler  
  199  13:40  Spore Crawler  
  172  14:12  Zergling x22  
  157  14:25  Spire  
  157  14:30  Drone  
  157  14:31  Drone x2  
  159  14:33  Spore Crawler, Spine Crawler  
  159  14:34  Spore Crawler  
  159  14:37  Zerg Missile Weapons Level 3  
  156  14:44  Zergling x34  
  173  14:51  Drone x2  
  172  15:12  Ultralisk Cavern  
  172  15:13  Baneling x6  
  172  15:14  Baneling x2  
  171  15:20  Drone  
  172  15:29  Baneling x4  
  172  15:30  Baneling x3  
  172  15:32  Hatchery  
  169  15:35  Zerg Ground Armor Level 2  
  169  15:39  Zergling x18  
  171  15:47  Spore Crawler  
  171  15:48  Spore Crawler  
  168  15:53  Zergling x2  
  168  15:54  Zergling x28  
  179  16:02  Zerg Flyer Weapons Level 1, Chitinous Plating  
  179  16:04  Drone x3  
  179  16:05  Drone  
  183  16:18  Spore Crawler  
  183  16:20  Spore Crawler  
  183  16:25  Corruptor x10  
  198  16:38  Drone x2  
  195  16:44  Baneling x7  
  194  16:53  Drone x2  
  194  16:54  Drone x2  
  194  17:21  Anabolic Synthesis  
  181  17:32  Corruptor x3  
  181  17:33  Corruptor x4  
  186  17:49  Drone x2  
  184  17:51  Spore Crawler  
  184  17:53  Zergling x32  
  152  18:14  Drone x6  
  152  18:18  Corruptor x7  
  152  18:19  Corruptor  
  152  18:49  Corruptor  
  152  18:50  Corruptor x7  
  152  18:52  Queen x2  
  166  19:01  Corruptor x15  
  173  19:03  Zergling x38  
  190  19:16  Overseer  
  177  19:33  Hatchery  
  176  19:43  Hatchery, Ultralisk x2  
  176  19:44  Zergling x2  
  176  19:45  Overlord  
  183  19:53  Overlord  
  183  19:56  Overlord x2  
  183  19:57  Overlord  
  183  19:58  Overseer  
Show
View Real Time Build Order
Export as new Build Order

Gerald Protoss 

Build Orders: 1 Gate Expand, Double Forge, Oracle Opening, Carriers, Zealot Archon 

Get SALT Encoding   

  12  0:00  Probe  
  13  0:12  Probe  
  14  0:19  Pylon  
  14  0:24  Probe  
  15  0:37  Probe (Chrono Boost)  
  15  0:41  Gateway  
  16  0:46  Probe (Chrono Boost)  
  17  0:51  Probe (Chrono Boost)  
  17  0:55  Assimilator  
  18  1:03  Probe  
  19  1:15  Probe  
  20  1:27  Nexus  
  20  1:33  Probe  
  20  1:39  Cybernetics Core  
  21  1:45  Probe  
  22  1:48  Assimilator  
  22  1:54  Pylon  
  22  1:57  Probe  
  23  2:12  Probe  
  23  2:13  Adept (Chrono Boost)  
  26  2:24  Probe  
  26  2:25  Stargate  
  27  2:33  Adept (Chrono Boost)  
  27  2:36  Probe  
  30  2:39  Warp Gate  
  30  2:40  Probe  
  31  2:48  Probe  
  32  2:52  Probe  
  32  2:55  Stalker  
  35  3:01  Probe  
  36  3:07  Probe  
  37  3:13  Probe  
  37  3:14  Oracle (Chrono Boost)  
  37  3:19  Probe  
  42  3:24  Pylon  
  42  3:25  Probe  
  43  3:31  Probe  
  44  3:37  Probe  
  44  3:38  Gateway  
  45  3:41  Oracle (Chrono Boost)  
  45  3:43  Probe  
  45  3:46  Pylon  
  49  3:49  Probe  
  49  3:55  Probe  
  51  3:57  Nexus  
  51  4:01  Probe  
  51  4:02  Assimilator  
  52  4:07  Probe, Assimilator  
  53  4:13  Probe  
  54  4:18  Pylon  
  54  4:23  Phoenix (Chrono Boost)  
  57  4:25  Probe  
  57  4:29  Forge  
  57  4:30  Forge, Probe  
  58  4:34  Shield Battery  
  58  4:37  Adept  
  60  4:41  Probe (Chrono Boost)  
  61  4:49  Probe (Chrono Boost)  
  62  4:54  Twilight Council, Probe (Chrono Boost)  
  62  4:56  Adept  
  66  5:00  Probe (Chrono Boost)  
  66  5:02  Probe (Chrono Boost)  
  66  5:05  Protoss Ground Weapons Level 1 (Chrono Boost), Protoss Ground Armor Level 1 (Chrono Boost)  
  66  5:06  Probe (Chrono Boost)  
  68  5:11  Probe (Chrono Boost)  
  68  5:12  Probe (Chrono Boost), Pylon  
  70  5:18  Adept  
  70  5:20  Adept  
  70  5:21  Probe x2 (Chrono Boost)  
  76  5:26  Probe  
  76  5:27  Probe  
  76  5:28  Probe  
  79  5:38  Probe  
  79  5:39  Probe  
  79  5:40  Probe  
  79  5:41  Templar Archives  
  82  5:42  Stalker  
  82  5:43  Stalker  
  86  5:50  Probe, Pylon  
  86  5:51  Probe  
  86  5:52  Probe  
  86  5:54  Blink  
  86  5:55  Nexus  
  89  6:02  Probe  
  89  6:03  Probe  
  91  6:04  Probe  
  92  6:14  Probe  
  92  6:15  Probe  
  94  6:21  Probe  
  93  6:27  Probe, Assimilator  
  93  6:28  Probe  
  93  6:31  Assimilator  
  93  6:33  Probe  
  93  6:37  Gateway  
  93  6:38  Gateway  
  93  6:39  High Templar x2  
  98  6:40  Gateway x2  
  98  6:41  Pylon  
  98  6:42  Probe  
  98  6:45  Probe  
  100  6:47  Archon  
  100  6:48  Shield Battery, Probe  
  101  6:59  Probe x2  
  103  7:02  Gateway, Pylon  
  103  7:04  Probe  
  104  7:17  Stalker x2  
  104  7:20  Assimilator  
  104  7:22  Assimilator  
  108  7:25  Probe x2  
  108  7:26  Probe x2  
  108  7:29  Protoss Ground Armor Level 2 (Chrono Boost), Gateway, Protoss Ground Weapons Level 2 (Chrono Boost)  
  112  7:33  Gateway, Stalker x2  
  112  7:34  Pylon  
  112  7:35  Psionic Storm  
  116  7:37  Probe x2  
  116  7:40  Probe  
  116  7:43  Probe  
  120  7:46  Stalker x4  
  128  7:51  Pylon  
  128  7:53  Pylon  
  128  7:55  Charge  
  128  7:56  Probe, Pylon  
  129  8:03  Stalker x3  
  135  8:09  Nexus  
  135  8:10  Photon Cannon, Pylon  
  135  8:12  Pylon  
  135  8:16  High Templar x3  
  135  8:17  Stalker  
  135  8:18  Probe  
  136  8:21  Fleet Beacon  
  136  8:23  Probe, Stargate  
  136  8:25  Photon Cannon  
  136  8:26  Shield Battery  
  135  8:30  Shield Battery  
  135  8:31  Stalker x4  
  143  8:36  Shield Battery, Photon Cannon  
  143  8:38  Probe  
  144  8:54  Stalker x2  
  144  8:55  Stalker x5  
  158  8:58  Protoss Air Weapons Level 1 (Chrono Boost)  
  158  9:08  Gateway  
  158  9:09  Gateway, High Templar x2  
  162  9:15  Photon Cannon  
  162  9:17  Photon Cannon  
  162  9:19  Shield Battery  
  162  9:22  Pylon  
  162  9:23  Mothership, Assimilator  
  170  9:26  High Templar  
  170  9:27  Zealot x4, Assimilator  
  170  9:30  Probe, Pylon  
  181  9:31  Probe  
  170  9:46  Probe  
  170  9:47  Stalker x5  
  170  9:50  Pylon  
  181  9:52  Protoss Ground Weapons Level 3 (Chrono Boost)  
  181  9:53  Protoss Ground Armor Level 3 (Chrono Boost)  
  181  9:55  Photon Cannon  
  181  9:57  Photon Cannon, Probe  
  181  9:59  Shield Battery  
  182  10:00  Shield Battery  
  182  10:13  Archon  
  182  10:18  Stalker x6  
  184  10:22  Stalker x3  
  184  10:27  Carrier x2  
  188  10:44  Pylon  
  188  10:45  Probe x2  
  188  10:47  Pylon  
  188  10:48  Pylon  
  180  10:54  High Templar x3  
  180  10:56  Nexus  
  184  10:59  Photon Cannon, Probe  
  184  11:01  Pylon  
  185  11:09  Stalker  
  179  11:21  Probe  
  180  11:31  Zealot x3  
  186  11:39  Carrier (Chrono Boost)  
  123  11:47  Zealot  
  123  11:49  Probe  
  123  11:51  Carrier (Chrono Boost)  
  123  11:53  Probe x2  
  134  11:56  High Templar x3  
  134  11:58  Probe  
  134  11:59  Photon Cannon  
  139  12:04  Probe  
  139  12:05  Probe  
  139  12:07  Probe  
  142  12:10  Probe, Pylon  
  142  12:12  Gateway x2, Assimilator  
  142  12:14  Nexus, Pylon x2  
  142  12:15  High Templar  
  145  12:16  Probe  
  145  12:17  Probe  
  145  12:18  Stargate  
  145  12:19  Probe  
  145  12:22  Probe, Pylon  
  148  12:29  Protoss Shields Level 1 (Chrono Boost)  
  149  12:32  Oracle (Chrono Boost)  
  149  12:35  Zealot x3  
  150  12:43  Archon  
  135  12:50  Stalker  
  117  12:54  Probe  
  117  12:56  Zealot x3  
  117  12:57  Probe x2  
  123  13:00  Oracle (Chrono Boost)  
  123  13:10  Probe, High Templar  
  123  13:11  Probe x2, High Templar  
  130  13:13  Carrier (Chrono Boost)  
  136  13:22  Probe  
  136  13:23  Shield Battery, Protoss Air Weapons Level 2 (Chrono Boost)  
  136  13:25  Oracle (Chrono Boost), Probe, Photon Cannon  
  141  13:28  Assimilator  
  141  13:29  High Templar  
  141  13:30  Zealot x3  
  149  13:43  Assimilator  
  149  13:45  Zealot x2  
  152  13:54  Zealot x3  
  153  13:58  Tempest (Chrono Boost)  
  153  14:02  Zealot  
  150  14:14  Archon, Probe x2  
  152  14:19  Zealot x3  
  152  14:23  Protoss Shields Level 2 (Chrono Boost)  
  158  14:27  Probe, High Templar  
  158  14:29  Probe x2  
  163  14:34  Photon Cannon  
  163  14:35  Photon Cannon  
  163  14:39  Probe  
  163  14:41  Probe x2, Photon Cannon  
  163  14:44  Nexus  
  166  14:46  Pylon  
  166  14:47  High Templar  
  166  14:48  High Templar x2  
  165  15:02  Carrier x2  
  177  15:14  Probe  
  177  15:15  Nexus, Pylon  
  177  15:17  High Templar  
  180  15:21  Pylon  
  180  15:23  Pylon  
  180  15:34  Zealot x3, Assimilator  
  186  15:38  Assimilator  
  172  15:47  Carrier  
  169  15:55  High Templar x3  
  169  15:56  High Templar  
  169  16:05  Probe x3  
  169  16:06  Carrier  
  178  16:28  Zealot  
  178  16:29  Zealot x3  
  186  16:34  Probe  
  186  16:37  Nexus  
  186  16:39  Pylon  
  187  16:43  Pylon  
  187  16:45  Assimilator  
  187  16:51  Carrier x2  
  187  16:52  High Templar  
  200  17:10  Nexus, Pylon  
  190  17:16  Zealot  
  190  17:17  Zealot x2  
  190  17:26  Zealot  
  171  17:37  Carrier, Probe  
  172  17:45  Zealot x2  
  134  18:48  Archon  
Tags
 
Add a new tag
Caveats
  • Supply blocks, unpowered buildings, or Contaminate may cause inaccurate times.
  • Supply counts are checked every 10 seconds.